 Dungeon Crawl Stone Soup version 0.29.0-4-gdea44cf6ec (webtiles) character file.

Game seed: 13539085694641579757

154 qw the Chopper (level 5, 0/46 HPs)
             Began as a Minotaur Berserker on Sept 9, 2022.
             Was a Believer of Trog.
             Slain by an orc wizard
             ... wielding a +0 dagger of venom
              (1 damage)
             ... on level 3 of the Dungeon.
             The game lasted 00:00:54 (2421 turns).

qw the Chopper (Minotaur Berserker)                 Turns: 2421, Time: 00:00:54

Health: 0/46       AC:  2    Str: 23    XL:     5   Next: 13%
Magic:  4/4        EV: 12    Int:  4    God:    Trog [**....]
Gold:   43         SH:  0    Dex: 10    Spells: 4/4 levels left

rFire   . . .      SeeInvis .   Y - +0 hand axe (vamp)
rCold   . . .      Faith    .   (no shield)
rNeg    . . .      Spirit   .   b - +0 animal skin
rPois   .          Reflect  .   (helmet restricted)
rElec   .          Harm     .   (no cloak)
rCorr   .          Rampage  .   (no gloves)
Will    .....                   (no boots)
Stlth   +.........              (no amulet)
HPRegen 0.15/turn               (no ring)
MPRegen 0.09/turn               (no ring)

@: confused, lethally poisoned (0 -> -9), on berserk cooldown, slowed, very slow
A: horns 2, retaliatory headbutt
a: Renounce Religion, Berserk, Trog's Hand


You were on level 3 of the Dungeon.
You worshipped Trog.
Trog was pleased with you.
You visited 1 branch of the dungeon, and saw 3 of its levels.

You collected 62 gold pieces.
You spent 19 gold pieces at shops.


Innate Abilities, Weirdness & Mutations

You have a pair of horns on your head.
You reflexively headbutt those who attack you in melee.


   Skills:
 + Level 3.9 Fighting
 - Level 7.0 Axes
 - Level 2.4 Armour
 - Level 2.1 Dodging


You had 4 spell levels left.
You didn't know any spells.
Your spell library was empty.

Inventory:

Hand Weapons
 g - a +0 whip
 Y - a +0 vampiric hand axe (weapon)
Armour
 b - a +0 animal skin (worn)
 c - a +0 ring mail
Jewellery
 k - a ring of ice
Scrolls
 a - a scroll of identify
 h - 3 scrolls of enchant armour
Potions
 d - a potion of resistance
 i - a potion of haste
 l - a potion of magic {unknown}
 o - a potion of attraction {unknown}
 p - a potion of might {unknown}

Dungeon Overview and Level Annotations

Branches:
Dungeon (3/15)

Altars:

Shops:
D:1 *   D:2 *


Message History

You barely miss the rat.
You feel sick.
You closely miss the rat.
You are no longer berserk.
You are exhausted.
You feel yourself slow down.
You feel sick. The rat barely misses you.
You hit the rat.
You feel better.
The rat is moderately wounded.
You miss something.
You feel sick.
You are no longer poisoned.
Something hits you.
You are poisoned.
The rat barely misses you. You furiously retaliate!
You headbutt the rat!
You kill the rat!
Trog accepts your kill.
A quokka comes into view.
Something hits you.
You are more poisoned.
You feel very sick.
You hear some strange, mumbled words.
A puff of flame appears from out of thin air!
The puff of flame hits you!
Found 16 gold pieces.
You feel very sick.
You hear some strange, mumbled words.
You are confused.
The quokka barely misses you.
You bump into the rock wall.
You feel very sick. The quokka bites you. The quokka barely misses you.
You miss the quokka. You barely miss something.
You feel sick. Something hits you but does no damage. The quokka bites you.
Something hits you but does no damage.
You are lethally poisoned!
You miss something. Your headbutt misses something. You barely miss the quokka.
You feel very sick.
The quokka bites you but does no damage.
The quokka closely misses you. Something hits you.
You die...

#.# #. #.# #.# #. #.#
#.# #. #.# #.# #. #.#
#.# #. #.##########.#
#$ #$#..........#
##.###.##.#)##########
......r@..).#
.......###### ##..###
#.


You could see a quokka.

Vanquished Creatures
  An adder (D:2)
  7 gnolls (D:2)
  2 dart slugs (D:1)
  8 orcs (D:3)
  3 ball pythons
  5 endoplasms
  3 giant cockroaches
  4 goblins (D:1)
  6 hobgoblins
  5 jackals
  4 kobolds
  3 quokkas (D:2)
  4 bats
  5 frilled lizards
  4 rats
64 creatures vanquished.

Vanquished Creatures (others)
  A plant (D:2)
1 creature vanquished.

Grand Total: 65 creatures vanquished

Notes
Turn   | Place    | Note
-------+----------+-------------------------------------------
     0 | D:1      | qw the Minotaur Berserker began the quest for the Orb.
     0 | D:1      | Reached XP level 1. HP: 19/19 MP: 0/0
     0 | D:1      | 0 ||| qw: Version: 0.1-a-113-g051387a
     0 | D:1      | 0 ||| qw: Game counter: 7222
     0 | D:1      | 0 ||| qw: Always use a shield: true
     0 | D:1      | 0 ||| qw: Do Orc after D:15 true
     0 | D:1      | 0 ||| qw: Do second Lair branch before Depths: true
     0 | D:1      | 0 ||| qw: Lair rune preference: random
     0 | D:1      | 0 ||| qw: Plans: Normal
     0 | D:1      | 0 ||| PLANNING D:1-11
    13 | D:1      | 13 ||| Stepping ~*~*~tactically~*~*~ (hiding).
    21 | D:1      | 21 ||| Stepping ~*~*~tactically~*~*~ (water).
    27 | D:1      | Reached skill level 4 in Axes
    33 | D:1      | Reached XP level 2. HP: 17/26 MP: 1/1
    34 | D:1      | 34 ||| Stepping ~*~*~tactically~*~*~ (water).
    36 | D:1      | 36 ||| INVOKING Berserk.
   348 | D:1      | Found a faded altar of an unknown god.
   437 | D:1      | 437 ||| Stepping ~*~*~tactically~*~*~ (stealth).
   559 | D:1      | Reached skill level 5 in Axes
   633 | D:1      | Reached XP level 3. HP: 28/31 MP: 2/2
   685 | D:1      | Found Ashic's Assorted Antiques.
   698 | D:1      | 698 ||| BUYING blue potion (19 gold).
   698 | D:1      | Bought a blue potion for 19 gold pieces
   698 | D:1      | 698 ||| SHOPLISTING bubbling red potion (19 gold, have 6).
   698 | D:1      | 698 ||| SHOPLISTING runed orb (264 gold, have 6).
   698 | D:1      | 698 ||| SHOPLISTING scroll labelled AHEGA OLOO (22 gold,
                  | have 6).
   698 | D:1      | 698 ||| SHOPLISTING scroll labelled NOMIUT OGOSCH (22 gold,
                  | have 6).
   698 | D:1      | 698 ||| SHOPLISTING viscous inky potion (19 gold, have 6).
   698 | D:1      | 698 ||| SHOPLISTING whip (55 gold, have 6).
   768 | D:1      | 768 ||| READING 3 scrolls labelled AHEGA OLOO.
   769 | D:1      | 769 ||| READING scroll labelled IHUGYNLO SEB.
   770 | D:1      | 770 ||| READING 2 scrolls labelled CYCZAL FUNTYO.
   771 | D:1      | 771 ||| READING 3 scrolls labelled NOMIUT OGOSCH.
   772 | D:1      | 772 ||| READING scroll labelled VUYJ WARELILA.
   773 | D:1      | 773 ||| DRINKING 2 sedimented inky potions.
   812 | D:1      | 812 ||| READING 2 scrolls of identify.
   812 | D:1      | 812 ||| IDENTIFYING viscous brown potion
   813 | D:1      | 813 ||| DROPPING scroll of fog.
   814 | D:1      | 814 ||| DROPPING potion of lignification.
  1167 | D:2      | Reached ** piety under Trog
  1212 | D:2      | 1212 ||| INVOKING Berserk.
  1218 | D:2      | Reached XP level 4. HP: 20/39 MP: 3/3
  1220 | D:2      | Reached skill level 6 in Axes
  1460 | D:2      | Found Xymin's Assorted Antiques.
  1506 | D:2      | 1506 ||| SHOPLISTING brown potion (19 gold, have 9).
  1506 | D:2      | 1506 ||| SHOPLISTING bubbling red potion (19 gold, have 9).
  1506 | D:2      | 1506 ||| SHOPLISTING cloak (99 gold, have 9).
  1506 | D:2      | 1506 ||| SHOPLISTING potion of resistance (220 gold, have
                  | 9).
  1506 | D:2      | 1506 ||| SHOPLISTING ring mail (88 gold, have 9).
  1506 | D:2      | 1506 ||| SHOPLISTING scroll labelled EPNUES LUTOCS (22
                  | gold, have 9).
  1506 | D:2      | 1506 ||| SHOPLISTING scroll labelled QEANOA DYSITOQ (22
                  | gold, have 9).
  1506 | D:2      | 1506 ||| SHOPLISTING scroll of identify (44 gold, have 9).
  1506 | D:2      | 1506 ||| SHOPLISTING war axe (77 gold, have 9).
  1540 | D:2      | 1540 ||| FLEEEEING.
  1851 | D:2      | 1851 ||| INVOKING Berserk.
  1985 | D:2      | 1985 ||| DROPPING +0 club.
  2013 | D:2      | 2013 ||| INVOKING Berserk.
  2259 | D:2      | 2259 ||| READING scroll labelled YLLOH CEPAFRU.
  2262 | D:2      | 2262 ||| READING scroll labelled PIUN BITETTOBU.
  2263 | D:2      | 2263 ||| DRINKING 2 amethyst potions.
  2264 | D:2      | 2264 ||| DRINKING 2 emerald potions.
  2265 | D:2      | 2265 ||| DROPPING potion of flight.
  2328 | D:3      | Reached XP level 5. HP: 45/45 MP: 4/4
  2340 | D:3      | Reached skill level 7 in Axes
  2391 | D:3      | 2391 ||| Stepping ~*~*~tactically~*~*~ (hiding).
  2402 | D:3      | 2402 ||| INVOKING Berserk.
  2419 | D:3      | HP: 10/46 [quokka (4)]
  2421 | D:3      | HP: 1/46 [poisoned by an orc wizard]
  2421 | D:3      | Slain by an orc wizard

Levels and vault maps discovered:
D:1:      dpeg_arrival_more_subterranean_lakeside_camping, layout_rooms,
          hellmonk_ecumenical_altar_heavens_door, serial_shops, shop_fountains
D:2:      layout_basic, serial_shops, nicolae_shop_overgrown_old_shop
D:3:      layout_loops_ring, grunt_temple_overflow_bloody_war

Skill      XL: |  1  2  3  4  5 |
---------------+----------------+-----
Axes           | 4 5 6 7 |  7.0
Fighting       | |  3.9
Armour         | |  2.4
Dodging        | |  2.1

Action                   |  1- 3 |  4- 6 || total
-------------------------+-------+-------++-------
Melee: Hand axe          |    71 |    69 ||   140
       Headbutt          |     9 |     6 ||    15
       Punch             |       |     1 ||     1
Invok: Berserk           |     2 |     3 ||     5
  Use: Scroll            |     6 |     2 ||     8
       Potion            |     1 |     2 ||     3
Armor: Animal skin       |    13 |     9 ||    22
Dodge: Dodged            |    46 |    27 ||    73

Table legend:
 A = Non-vault XP
 B = Vault XP
 C = Vault XP percentage of total XP
 D = Non-vault monster count
 E = Vault monster count
 F = Vault count percentage of total count
                 A         B        C        D         E       F
            +---------+---------+-------+---------+---------+-------
      Total |     221 |       0 |   0.0 |      64 |       0 |   0.0
            +---------+---------+-------+---------+---------+-------
        D:1 |      48 |       0 |   0.0 |      25 |       0 |   0.0
        D:2 |     145 |       0 |   0.0 |      28 |       0 |   0.0
        D:3 |      28 |       0 |   0.0 |      11 |       0 |   0.0
            +---------+---------+-------+---------+---------+-------
